 Dungeon Crawl Stone Soup version 0.31.0-11-ge490571c62 (webtiles) character file.

Game seed: 14695734728139411252

63 qw the Shooter (level 3, -3/20 HPs)
             Began as a Deep Elf Hunter on Feb 4, 2024.
             Slain by a gnoll
             ... wielding a +0 whip
              (6 damage)
             ... on level 2 of the Dungeon.
             The game lasted 00:00:04 (1043 turns).

qw the Shooter (Deep Elf Hunter)                    Turns: 1043, Time: 00:00:04

Health: -3/20      AC:  3    Str: 10    XL:     3   Next: 87%
Magic:  5/5        EV: 12    Int: 13    God:
Gold:   70         SH:  0    Dex: 18    Spells: 2/2 levels left

rFire   . . .        a - +0 shortbow
rCold   . . .        (shield currently unavailable)
rNeg    . . .        c - +0 leather armour
rPois   .            (no helmet)
rElec   .            (no cloak)
rCorr   .            (no gloves)
SInv    .            (no boots)
Will    .....        (no amulet)
Stlth   ++           (no ring)
HPRegen 0.23/turn    (no ring)
MPRegen 0.09/turn

%: no passive effects
@: no status effects
A: no striking features
a: no special abilities


You were on level 2 of the Dungeon.
You visited 1 branch of the dungeon, and saw 2 of its levels.

You collected 70 gold pieces.


   Skills:
 - Level 1.5 Fighting
 + Level 7.3 Ranged Weapons
 - Level 2.4 Dodging
 - Level 1.2 Stealth


You had 2 spell levels left.
You didn't know any spells.
Your spell library was empty.

Inventory:

Hand Weapons
 a - a +0 shortbow (weapon)
Armour
 c - a +0 leather armour (worn)
Scrolls
 b - a scroll of identify
Potions
 j - a potion of curing {unknown}

Dungeon Overview and Level Annotations

Branches:
Dungeon (2/15)

Altars:


Message History

You shoot an arrow. The arrow barely misses the gnoll.
You shoot an arrow. The arrow hits the gnoll.
The gnoll is moderately wounded.
The gnoll closely misses you.
You shoot an arrow. The arrow hits the gnoll!
The gnoll is almost dead.
The gnoll misses you.
You shoot an arrow. The arrow hits the gnoll.
You kill the gnoll!
You shoot an arrow. The arrow hits the gnoll.
You kill the gnoll!
You shoot an arrow. The arrow barely misses the gnoll.
You shoot an arrow. The arrow completely misses the gnoll.
The gnoll misses you.
You shoot an arrow.
The arrow hits the gnoll but does no damage.
The gnoll hits you but does no damage.
You shoot an arrow. The arrow hits the gnoll.
The gnoll is lightly wounded.
The gnoll hits you with a +0 whip.
You shoot an arrow. The arrow barely misses the gnoll.
The gnoll hits you with a +0 whip.
You shoot an arrow. The arrow hits the gnoll.
The gnoll is moderately wounded.
The gnoll hits you with a +0 whip.
You shoot an arrow. The arrow hits the gnoll.
The gnoll is severely wounded.
The gnoll hits you with a +0 whip.
You shoot an arrow.
The arrow hits the gnoll but does no damage.
The gnoll is severely wounded.
The gnoll hits you with a +0 whip.
You shoot an arrow. The arrow hits the gnoll.
The gnoll is severely wounded.
The gnoll barely misses you.
You shoot an arrow.
The arrow hits the gnoll but does no damage.
The gnoll is severely wounded.
The gnoll hits you with a +0 whip.
You die...

#.#
#....#.###>##.###..#
#.# #.#.##........#
#..# #.#
#.#.##.###.####
#..#### #.# ###
#.#.##.# #.# #......
#.####.##
#.#....###.# ##.###.
#.......#
#..........# #.###
######.##
###.#..##### #...#
#.# #.....# ###.#
#.# ##.#.@### #)#.
#.# #....g.# #.#.
#.##.######..###)#
#.#. #..........#.#
.# #.#.
#....######..# .#
#.#. #.#### #.....g#
#.#. #. #.###...
#######.#. # .# .#
.......... .. ..
.###)#####


You could see a gnoll.

Vanquished Creatures
  2 gnolls (D:2)
  An adder (D:2)
  A ribbon worm (D:2)
  2 dart slugs
  5 bats
  2 endoplasms
  A giant cockroach (D:1)
  A goblin (D:1)
  2 hobgoblins
  4 quokkas (D:1)
  2 ball pythons
  2 frilled lizards (D:1)
  2 kobolds
  4 rats
31 creatures vanquished.

Notes
Turn   | Place    | Note
-------+----------+-------------------------------------------
     0 | D:1      | qw the Deep Elf Hunter began the quest for the Orb.
     0 | D:1      | Reached XP level 1. HP: 12/12 MP: 3/3
     0 | D:1      | 0 ||| qw: Version: 0.3-a-160-g6735b56
     0 | D:1      | 0 ||| qw: Game counter: 4333
     0 | D:1      | 0 ||| qw: Melee chars always use a shield: true
     0 | D:1      | 0 ||| qw: God list: Okawaru
     0 | D:1      | 0 ||| qw: Allow faded altars: false
     0 | D:1      | 0 ||| qw: Do Orc after clearing Dungeon:15 true
     0 | D:1      | 0 ||| qw: Do second Lair branch before Depths: true
     0 | D:1      | 0 ||| qw: Lair rune preference: random
     0 | D:1      | 0 ||| qw: Goals: Normal
     0 | D:1      | 0 ||| PLANNING D:1-11
   234 | D:1      | Reached XP level 2. HP: 16/16 MP: 4/4
   251 | D:1      | Reached skill level 6 in Ranged Weapons
   674 | D:1      | 674 ||| READING scroll labelled BEWOANU XEIRCH.
   675 | D:1      | 675 ||| READING 2 scrolls labelled TUACAR NILECS.
   675 | D:1      | 675 ||| IDENTIFYING sapphire potion
   676 | D:1      | 676 ||| READING scroll of identify.
   676 | D:1      | 676 ||| IDENTIFYING white potion
   677 | D:1      | 677 ||| READING scroll labelled FIQE WOGHO.
   677 | D:1      | 677 ||| ENCHANTING +0 shortbow.
   678 | D:1      | 678 ||| READING scroll labelled UTONAYKHLEJ.
   679 | D:1      | 679 ||| DROPPING scroll of butterflies.
   680 | D:1      | 680 ||| DROPPING potion of degeneration.
   681 | D:1      | 681 ||| DROPPING potion of attraction.
   785 | D:2      | Reached XP level 3. HP: 20/20 MP: 5/5
   805 | D:2      | HP: 5/20 [poisoned by an adder]
  1012 | D:2      | Reached skill level 7 in Ranged Weapons
  1028 | D:2      | 1028 ||| RETREEEEATING.
  1040 | D:2      | HP: 5/20 [gnoll/+0 whip (6)]
  1043 | D:2      | Slain by a gnoll

Levels and vault maps discovered:
D:1:      psy_arrival_fountain, layout_basic, serial_forest,
          infiniplex_forest_zigzag_1, infiniplex_forest_clump_curved,
          infiniplex_forest_straight_3, infiniplex_forest_end_3,
          infiniplex_forest_straight_4, infiniplex_forest_corner_2
D:2:      layout_loops_ring

Skill      XL: |  1  2  3 |
---------------+----------+-----
Ranged Weapons | 6 7 |  7.3
Fighting       | |  1.5
Dodging        | |  2.4
Stealth        | |  1.2

Action                     || total
---------------------------++-------
   Fire: Shortbow          ||    85
    Use: Scroll            ||     5
 Armour: Leather armour    ||    13
  Dodge: Dodged            ||     8

Table legend:
 A = Non-vault XP
 B = Vault XP
 C = Vault XP percentage of total XP
 D = Non-vault monster count
 E = Vault monster count
 F = Vault count percentage of total count
                 A         B        C        D         E       F
            +---------+---------+-------+---------+---------+-------
      Total |      90 |       0 |   0.0 |      31 |       0 |   0.0
            +---------+---------+-------+---------+---------+-------
        D:1 |      32 |       0 |   0.0 |      19 |       0 |   0.0
        D:2 |      58 |       0 |   0.0 |      12 |       0 |   0.0
            +---------+---------+-------+---------+---------+-------
